 Dungeon Crawl Stone Soup version 0.32-a0-22-g6ae6769602 (webtiles) character file.

Game seed: 12746942452624251983

1716 Dirian the Insei (level 9, -4/59 HPs)
             Began as an Octopode Shapeshifter on Jan 18, 2024.
             Was a Follower of Dithmenos.
             Slain by a gnoll bouda
             ... wielding a +0 whip
              (9 damage)
             ... on level 6 of the Dungeon.
             The game lasted 00:10:57 (5078 turns).

Dirian the Insei (Octopode Shapeshifter)            Turns: 5078, Time: 00:10:57

Health: -4/59      AC:  5    Str: 14    XL:     9   Next: 4%
Magic:  9/9        EV: 14    Int: 12    God:    Dithmenos [*.....]
Gold:   391        SH:  0    Dex: 15    Spells: 8/8 levels left

rFire   + .          .
                       - Unarmed
rCold   . . .        (no shield)
rNeg    . . .        (helmet currently unavailable)
rPois   .            n - amulet of faith
rElec   .            o - +4 ring of protection
rCorr   .            l - ring of protection from fire
SInv    .            (no ring)
Will    .....        (no ring)
Stlth   +++++        (no ring)
HPRegen 0.29/turn    (no ring)
MPRegen 0.11/turn    (no ring)
                     (no ring)

%: faith
@: beast-form, wreathed by umbra
A: beast (slay +3), almost no armour, amphibious, 8 rings, camouflage 1,
gelatinous body 1, (nimble swimmer 1), tentacles
a: Begin Untransformation, Renounce Religion


You were on level 6 of the Dungeon.
You worshipped Dithmenos.
Dithmenos was aware of your devotion.
You were a hulking beast.
You visited 2 branches of the dungeon, and saw 7 of its levels.

You collected 391 gold pieces.

Inventory:

Armour
 m - a +0 kite shield
Jewellery
 l - a ring of protection from fire (right tentacle)
 n - an amulet of faith (around mantle)
 o - a +4 ring of protection (left tentacle)
Talismans
 b - a beast talisman (active)
 c - a flux talisman
Wands
 q - a wand of quicksilver (7)
Scrolls
 f - 2 scrolls of revelation
 g - 3 scrolls of fog
 r - a scroll of identify
 t - 3 scrolls of teleportation
 z - a scroll of blinking
Potions
 a - a potion of lignification
 d - a potion of resistance {unknown}
 e - a potion of degeneration {unknown}
 h - a potion of haste
 i - 3 potions of attraction {unknown}
 j - 2 potions of brilliance {unknown}
 k - a potion of mutation {unknown}
 w - 3 potions of heal wounds


   Skills:
 * Level 4.6 Fighting
 + Level 3.8 Dodging
 + Level 6.3 Stealth
 + Level 7.5 Unarmed Combat
 * Level 5.4 Shapeshifting


You had 8 spell levels left.
You didn't know any spells.
Your spell library contained the following spells:

 Spells                   Type           Power      Damage    Failure   Level
 Magic Dart               Conj           0%         1d3       32%         1
 Slow                     Hex            0%         N/A       32%         1
 Searing Ray              Conj           0%         2d4       45%         2
 Confusing Touch          Hex            0%         N/A       69%         3
 Sigil of Binding         Hex            0%         N/A       69%         3
 Vampiric Draining        Necr           0%         2d6       69%         3
 Fulminant Prism          Conj/Alch      0%         3d5       97%         4


Dungeon Overview and Level Annotations

Branches:
Dungeon (6/15) Zot: 26055  Temple (1/1) D:5 Zot: 5890

Altars:
Ashenzari
Dithmenos
Fedhas
Hepliaklqana
Makhleb
Qazlal
Ru
Trog
Uskayaw
Zin
The Shining One

Shops:
D:1 (   D:4 [

Annotations:
D:2 1 runed translucent door, Crazy Yiuf
D:5 exclusion: oklob plant


Innate Abilities, Weirdness & Mutations

You are a hulking beast.
Your limbs bulge with bestial killing power. (Slay +3)
You cannot wear most types of armour.
You are amphibious.
You can wear up to eight rings at the same time.
Your skin changes colour to match your surroundings (Stealth+).
Your rubbery body absorbs attacks. (AC +1, EV +1)
((You are camouflaged when in or above water. (Stealth+)))
You have tentacles for arms and can constrict up to eight enemies at once.


Message History

You bludgeon the gnoll!
You kill the gnoll!
Dithmenos accepts your kill. The gnoll hits you with a +0 whip.
The gnoll misses you.
The gnoll bouda hits you with a +0 whip.
The gnoll misses you.
You bludgeon the gnoll! You grab the gnoll.
The gnoll is almost dead.
You constrict the gnoll. The gnoll hits you with a +0 whip.
The gnoll barely misses you. The gnoll bouda barely misses you.
You bludgeon the gnoll!
You kill the gnoll!
Dithmenos accepts your kill. The gnoll barely misses you. x2
You bludgeon the gnoll!
You kill the gnoll!
Dithmenos accepts your kill.
The gnoll bouda hits you with a +0 whip!
* * * LOW HITPOINT WARNING * * *
The gnoll closely misses you.
You barely miss the gnoll. You grab the gnoll.
The gnoll is lightly wounded.
You constrict the gnoll.
The gnoll bouda hits you with a +0 whip.
* * * LOW HITPOINT WARNING * * *
The gnoll closely misses you.
You barely miss the gnoll.
The gnoll is moderately wounded.
You constrict the gnoll. The gnoll bouda barely misses you.
The gnoll barely misses you.
You bludgeon the gnoll!
You kill the gnoll!
Dithmenos accepts your kill.
The gnoll bouda hits you with a +0 whip.
* * * LOW HITPOINT WARNING * * *
You tentacle-slap the gnoll bouda. Your grab misses the gnoll bouda.
You squeeze the gnoll bouda.
The gnoll bouda is moderately wounded.
The gnoll bouda hits you with a +0 whip!
You die...

### ..## 8##.....# ## ..##
##.....##.. ..#> _#.........
..## #......... #.## #.........
#.# #.........
..#############g).......
...............)h).......$.
...............).).........
#.###.........................
...##........................
............#######..........
................ #.........
................# #.......###
.......####.....###.......#~#
.......####...............#~###
#


You could see a gnoll bouda.

Vanquished Creatures
  Menkaure (D:6)
  An ice beast (D:5)
  A sky beast (D:6)
  2 phantoms
  A kobold brigand (D:6)
  Blork the orc (D:6)
  2 bullfrogs (D:6)
  5 scorpions
  3 wights (D:6)
  3 hounds
  2 bombardier beetles (D:4)
  3 orc priests
  A sleepcap (D:4)
  2 iguanas
  An orc wizard (D:4)
  5 adders
  4 gnolls (D:6)
  2 ribbon worms
  3 dart slugs
  8 orcs
  8 bats
  8 endoplasms
  A giant cockroach (D:2)
  8 goblins
  8 hobgoblins
  8 jackals
  4 quokkas
  5 ball pythons
  11 frilled lizards
  13 kobolds
  10 rats
135 creatures vanquished.

Notes
Turn   | Place    | Note
-------+----------+-------------------------------------------
     0 | D:1      | Dirian the Octopode Shapeshifter began the quest for the
                  | Orb.
     0 | D:1      | Reached XP level 1. HP: 13/13 MP: 1/1
    41 | D:1      | Reached XP level 2. HP: 6/18 MP: 2/2
   575 | D:1      | Found Qeudenill's Antique Weapon Shoppe.
   777 | D:1      | Reached XP level 3. HP: 18/23 MP: 3/3
  1205 | D:2      | Reached skill level 1 in Stealth
  1517 | D:2      | Reached XP level 4. HP: 28/28 MP: 4/4
  1576 | D:2      | Found a runed translucent door.
  1577 | D:2      | Noticed Crazy Yiuf
  1579 | D:2      | Identified the +7 hammer of Opoashryl {venom, Fly rC-
                  | Str+4}
  1852 | D:3      | Found a broken altar of Ashenzari.
  2267 | D:3      | Reached skill level 4 in Unarmed Combat
  2267 | D:3      | Reached XP level 5. HP: 3/34 MP: 5/5
  2518 | D:4      | Found Zaevupn's Armour Emporium.
  2523 | D:4      | Noticed a black bear
  2656 | D:4      | Reached XP level 6. HP: 28/39 MP: 6/6
  2802 | D:4      | Reached skill level 5 in Unarmed Combat
  2955 | D:4      | Reached XP level 7. HP: 45/45 MP: 7/7
  3150 | D:5      | Entered Level 5 of the Dungeon
  3193 | D:5      | Found a staircase to the Ecumenical Temple.
  3334 | Temple   | Entered the Ecumenical Temple
  3418 | Temple   | Became a worshipper of Dithmenos the Shadowed
  4033 | D:5      | Found a blossoming altar of Fedhas.
  4054 | D:5      | Noticed an oklob plant
  4156 | D:6      | Reached skill level 6 in Unarmed Combat
  4198 | D:6      | Reached XP level 8. HP: 17/52 MP: 8/8
  4379 | D:6      | Reached skill level 5 in Stealth
  4379 | D:6      | Reached skill level 5 in Shapeshifting
  4790 | D:6      | Noticed Menkaure
  4804 | D:6      | Killed Menkaure
  4865 | D:6      | Noticed Blork the orc
  4872 | D:6      | Killed Blork the orc
  4873 | D:6      | Reached skill level 7 in Unarmed Combat
  4911 | D:6      | Reached * piety under Dithmenos
  5068 | D:6      | Reached XP level 9. HP: 42/59 MP: 9/9
  5069 | D:6      | Found a bloodstained altar of Trog.
  5078 | D:6      | Slain by a gnoll bouda

Illustrated notes

Levels and vault maps discovered:
D:1:      roderic_dead_forest, layout_loops_corners, serial_shops,
          nicolae_shop_advertising_works [nicolae_subvault_shop_adworks],
          minmay_misc_feat_hallway
D:2:      layout_loops_ring, minmay_lizard_pond, uniq_crazy_yiuf_cottage
D:3:      layout_rooms, cheibrodos_ashenzari_chains, minmay_surrounded
D:4:      layout_cave_pools, gammafunk_temple_overflow_elements, serial_shops,
          kennysheep_mini, kennysheep_generic_room_8
D:5:      layout_gridville, tgw_fedhas, minmay_temple_entry_grid,
          minmay_strange_pillars
D:6:      layout_basic, nicolae_overflow_hidden_temple, serial_rivers,
          chequers_serial_rivers_large_b, chequers_serial_rivers_small_3,
          chequers_serial_rivers_small_b, chequers_serial_rivers_marsh,
          uniq_blork_the_orc, uniq_menkaure, uniq_grinder
Temple:   hellmonk_temple_of_storms

Skill      XL: |  1  2  3  4  5  6  7  8 |
---------------+-------------------------+-----
Stealth        | 1 2 3 4 6 |  6.3
Unarmed Combat | 4 5 6 7 |  7.5
Fighting       | 2 3 4 |  4.6
Shapeshifting  | 4 5 |  5.4
Dodging        | 3 |  3.8

Action                     |  1- 3 |  4- 6 |  7- 9 || total
---------------------------+-------+-------+-------++-------
  Melee: Unarmed           |    90 |   123 |   109 ||   322
         Constrict         |    24 |    28 |    30 ||    82
         Tentacles         |    21 |    21 |    31 ||    73
         Punch             |     2 |     7 |     2 ||    11
    Use: Potion            |       |     1 |       ||     1
         Scroll            |       |     7 |     2 ||     9
   Stab: Sleeping          |     8 |     3 |     8 ||    19
         Distracted        |       |     1 |       ||     1
 Armour: Skin              |    31 |    53 |    56 ||   140
  Dodge: Dodged            |    42 |    59 |    56 ||   157
   Form: Beast             |     1 |       |       ||     1

Table legend: (Time is in decaauts)
 A = Elapsed time spent in this place.
 B = Non-inter-level travel time spent in this place.
 C = Inter-level travel time spent in this place.
 D = Time resting spent in this place.
 E = Time spent auto-exploring this place.
 F = Levels seen in this place.
 G = Mean time per level.
                   A        B        C        D        E       F      G
               +--------+--------+--------+--------+--------+-----+--------+
         Total |   5030 |   4789 |    241 |    234 |   3176 |   7 |  718.6 |
       Dungeon |   4920 |   4679 |    241 |    172 |   3176 |   6 |  820.0 |
        Temple |    109 |    109 |      0 |     62 |      0 |   1 |  109.0 |
               +--------+--------+--------+--------+--------+-----+--------+

Top non-repeatable levels by time:
     D:1: 1048 daAuts
     D:6: 943 daAuts
     D:5: 861 daAuts
     D:2: 726 daAuts
     D:3: 698 daAuts
     D:4: 641 daAuts
  Temple: 109 daAuts
